 Dungeon Crawl Stone Soup version 0.30-a0-883-g5ad918d77d (webtiles) character file.

Game seed: 4621773064890057131

503 BlueFish the Sneak (level 7, -8/67 HPs)
             Began as an Octopode Transmuter on Mar 17, 2023.
             Killed by divine providence
             ... invoked by an orc priest
              (13 damage)
             ... on level 4 of the Dungeon.
             The game lasted 00:06:10 (2862 turns).

BlueFish the Sneak (Octopode Transmuter)            Turns: 2862, Time: 00:06:10

Health: -8/67      AC: 23    Str: 11    XL:     7   Next: 17%
Magic:  11/11      EV:  2    Int: 15    God:
Gold:   151        SH:  0    Dex: 13    Spells: 2/12 levels left

rFire   . . .      SeeInvis .    k - +1 dagger (elec)
rCold   . . .      Faith    .    (no shield)
rNeg    . . .      Spirit   .    (helmet currently unavailable)
rPois   +          Reflect  .    (no amulet)
rElec   .          Rampage  .    g - +5 ring of evasion
rCorr   .          NoTele   +    (no ring)
Will    .....                    (no ring)
Stlth   +++                      (no ring)
HPRegen 0.31/turn                (no ring)
MPRegen 0.12/turn                (no ring)
                                 (no ring)
                                 (no ring)

@: tree-form
A: stationary, stasis, torment immunity, boosted hp, almost no armour,
(amphibious), 8 rings, (camouflage 1), (gelatinous body 1), (nimble swimmer 1),
(tentacles)
a: no special abilities


You were on level 4 of the Dungeon.
You were a tree.
You visited 1 branch of the dungeon, and saw 4 of its levels.

You collected 151 gold pieces.

Inventory:

Hand Weapons
 k - a +1 dagger of electrocution (weapon)
Missiles
 q - 5 poisoned darts
Jewellery
 g - a +5 ring of evasion (left branch)
Wands
 l - a wand of quicksilver (8)
Scrolls
 b - 2 scrolls of teleportation {unknown}
 c - a scroll of summoning {unknown}
 d - a scroll of amnesia {unknown}
 e - a scroll of immolation {unknown}
 f - 3 scrolls of enchant weapon {unknown}
 i - 2 scrolls of vulnerability {unknown}
 p - 2 scrolls of silence {unknown}
Potions
 h - a potion of brilliance {unknown}
 j - 2 potions of might {unknown}
 m - a potion of curing {unknown}
 n - a potion of attraction {unknown}
 o - a potion of heal wounds {unknown}


   Skills:
 + Level 2.4 Fighting
 + Level 0.2 Throwing
 + Level 3.1 Dodging
 * Level 4.7 Stealth
 + Level 3.8 Unarmed Combat
 + Level 3.1 Spellcasting
 + Level 3.0 Transmutations
 * Level 0.5 Ice Magic
 - Level 2.9 Poison Magic
 + Level 0.8 Evocations


You had 2 spell levels left.
You knew the following spells:

 Your Spells              Type           Power      Damage    Failure   Level
a - Beastly Appendage     Tmut           22%        N/A       5%          1
b - Wereblood             Tmut           11%        N/A       9%          2
c - Spider Form           Tmut/Pois      11%        N/A       17%         3
d - Ice Form              Ice/Tmut       7%         N/A       67%         4

Your spell library contained the following spells:

 Spells                   Type           Power      Damage    Failure   Level
 Passwall                 Tmut/Erth      5%         N/A       16%         2
 Magic Dart               Conj           8%         1d3       21%         1
 Sandblast                Erth           4%         2d4       21%         1
 Searing Ray              Conj           4%         2d4       30%         2
 Static Discharge         Conj/Air       4%         2-3/arc   30%         2
 Stone Arrow              Conj/Erth      4%         3d7       52%         3
 Summon Guardian Golem    Hex/Summ       2%         N/A       52%         3
 Vhi's Electric Charge    Tloc/Air       4%         N/A       52%         3
 Fulminant Prism          Conj/Hex       1%         3d5       89%         4
 Arcjolt                  Conj/Air       1%         1d11      99%         5
 Lightning Bolt           Conj/Air       1%         1d12      99%         5
 Orb of Destruction       Conj           1%         9d5       100%        7
 Spellforged Servitor     Conj/Summ      1%         N/A       100%        7


Dungeon Overview and Level Annotations

Branches:
Dungeon (4/15)
 Temple: D:4-7

Altars:

Annotations:
D:3 1 runed translucent door, pokedragonboy's ghost, amateur NaWr


Innate Abilities, Weirdness & Mutations

You are a tree.
Your roots penetrate the ground, keeping you stationary.
You cannot be teleported.
You are immune to unholy pain and torment.
Your maximum health is greatly increased.
You cannot wear most types of armour.
((You are amphibious.))
You can wear up to eight rings at the same time.
((Your skin changes colour to match your surroundings (Stealth+).))
((Your rubbery body absorbs attacks. (AC +1, EV +1)))
((You are camouflaged when in or above water. (Stealth+)))
((You have tentacles for arms and can constrict up to eight enemies at once.))


Message History

The orc priest hits you but does no damage. x2
The iguana bites you but does no damage.
You barely miss the orc priest.
The orc priest is moderately wounded.
The orc priest hits you but does no damage.
The orc priest hits you with a +0 club.
* * * LOW HITPOINT WARNING * * *
The iguana bites you but does no damage.
You closely miss the orc priest.
The orc priest is moderately wounded.
The orc priest hits you but does no damage. x2
The iguana barely misses you.
You hit the orc priest but do no damage.
The orc priest is moderately wounded.
The orc priest casts a cantrip, but nothing happens.
The orc priest hits you but does no damage.
The iguana bites you but does no damage.
You hit the orc priest but do no damage.
The orc priest is moderately wounded.
The orc priest calls upon Beogh to heal the orc priest.
The orc priest's wounds heal themselves!
The orc priest completely misses you.
The iguana bites you but does no damage.
You hit the orc priest but do no damage.
Lightning courses through the orc priest!
You kill the orc priest!
The orc priest hits you but does no damage.
The iguana barely misses you.
You closely miss the orc priest.
The orc priest hits you but does no damage.
The iguana bites you.
* * * LOW HITPOINT WARNING * * *
You closely miss the orc priest.
The orc priest hits you but does no damage.
The iguana bites you.
* * * LOW HITPOINT WARNING * * *
You barely miss the orc priest.
The orc priest invokes the aid of Beogh against you.
Beogh smites you!
You die...

. ####.#.##..# #.#
#.#.##..### ..#
#...###...# .## ##..#
#.#.# #..# #.#...
##### ##.# #.# #...#
....## #.###.# #..##
###l)###..##.##......
#..o♣†!$........#.##
.....###..#.###..###.#
..# ##.#.# #...##.#
#...# ##..##.#
##..#####.##.##
##.......##..#
##.........#..##
#...............
#...........#..#


You could see an iguana and an orc priest.

Vanquished Creatures
  Sigmund (D:2)
  An orc priest (D:4)
  2 hounds (D:4)
  An iguana (D:3)
  Ijyb (D:3)
  Natasha (thrice) (D:2)
  Robin (D:2)
  6 adders
  A worm (D:2)
  A dart slug (D:1)
  4 orcs
  3 ball pythons
  6 bats
  3 endoplasms (D:3)
  3 giant cockroaches
  10 goblins (D:2)
  7 hobgoblins
  3 jackals (D:2)
  A quokka (D:3)
  A frilled lizard (D:3)
  5 kobolds
  5 rats
69 creatures vanquished.

Vanquished Creatures (others)
  A hobgoblin (D:2)
  2 fungi (D:2)
  A plant (D:2)
4 creatures vanquished.

Grand Total: 73 creatures vanquished

Notes
Turn   | Place    | Note
-------+----------+-------------------------------------------
     0 | D:1      | BlueFish the Octopode Transmuter began the quest for the
                  | Orb.
     0 | D:1      | Reached XP level 1. HP: 13/13 MP: 3/3
   136 | D:1      | Reached skill level 1 in Stealth
   231 | D:1      | Reached XP level 2. HP: 18/18 MP: 5/5
   235 | D:1      | Learned a level 2 spell: Wereblood
   765 | D:2      | Noticed Natasha
   770 | D:2      | Killed Natasha
   771 | D:2      | Reached skill level 2 in Stealth
   771 | D:2      | Reached XP level 3. HP: 14/23 MP: 4/6
   809 | D:2      | You fall into a shaft and drop 2 floors!
   911 | D:4      | Learned a level 3 spell: Spider Form
  1020 | D:3      | Reached XP level 4. HP: 28/28 MP: 7/7
  1156 | D:3      | Reached skill level 3 in Stealth
  1184 | D:3      | Reached skill level 1 in Poison Magic
  1339 | D:3      | Noticed Ijyb
  1355 | D:3      | Killed Ijyb
  1356 | D:3      | Reached XP level 5. HP: 28/34 MP: 8/8
  1562 | D:2      | Noticed Robin
  1574 | D:2      | Killed Robin
  1660 | D:2      | Noticed Natasha
  1674 | D:2      | Killed Natasha
  1732 | D:2      | Noticed Sigmund
  1742 | D:2      | Killed Sigmund
  1743 | D:2      | Reached skill level 4 in Stealth
  1743 | D:2      | Reached XP level 6. HP: 37/39 MP: 10/10
  1910 | D:2      | Noticed Natasha
  1912 | D:2      | Found a faded altar of an unknown god.
  1919 | D:2      | Killed Natasha
  1928 | D:2      | Identified the +2 hand axe of the Poles {protect, rElec
                  | Will++ MP-9 Str+2}
  2251 | D:3      | Found a runed translucent door.
  2251 | D:3      | Noticed pokedragonboy's ghost (amateur NaWr)
  2718 | D:4      | Learned a level 4 spell: Ice Form
  2736 | D:4      | Reached XP level 7. HP: 45/45 MP: 11/11
  2862 | D:4      | Killed from afar by an orc priest

Illustrated notes

Levels and vault maps discovered:
D:1:      matt_arrival_grand_opening, layout_loops_cross, hangedman_glass_teeth,
          hangedman_glass_garden
D:2:      layout_basic, shapermc_ecumenical_altar_rom_forum, uniq_natasha,
          uniq_robin, uniq_sigmund
D:3:      minmay_chambers_of_twos, layout_basic, gammafunk_ghost_grave,
          uniq_ijyb
D:4:      layout_rooms

Skill      XL: |  1  2  3  4  5  6 |
---------------+-------------------+-----
Stealth        | 1 2 3 4 |  4.7
Poison Magic   | 1 2 |  2.9
Fighting       | 2 |  2.4
Spellcasting   | 3 |  3.1
Dodging        | 3 |  3.1
Transmutations | 3 |  3.0
Throwing       | |  0.2
Unarmed Combat | |  3.8
Ice Magic      | |  0.5
Evocations     | |  0.8

Action                     |  1- 3 |  4- 6 |  7- 9 || total
---------------------------+-------+-------+-------++-------
  Melee: Unarmed           |    43 |     6 |       ||    49
         Constrict         |    11 |    24 |     2 ||    37
         Tentacles         |     9 |    15 |       ||    24
         Punch             |     2 |     4 |       ||     6
         Kick              |     3 |     4 |       ||     7
         Dagger            |       |    91 |    22 ||   113
   Cast: Beastly Appendage |     2 |     3 |       ||     5
         Wereblood         |       |     1 |       ||     1
    Use: Potion            |       |       |     1 ||     1
   Stab: Sleeping          |     6 |    12 |     1 ||    19
         Distracted        |       |     1 |       ||     1
 Armour: Skin              |     2 |     3 |    22 ||    27
  Dodge: Dodged            |    27 |    75 |    10 ||   112

Table legend: (Time is in decaauts)
 A = Elapsed time spent in this place.
 B = Non-inter-level travel time spent in this place.
 C = Inter-level travel time spent in this place.
 D = Time resting spent in this place.
 E = Time spent auto-exploring this place.
 F = Levels seen in this place.
 G = Mean time per level.
                   A        B        C        D        E       F      G
               +--------+--------+--------+--------+--------+-----+--------+
         Total |   2875 |   2748 |    127 |      0 |   2178 |   4 |  718.8 |
       Dungeon |   2875 |   2748 |    127 |      0 |   2178 |   4 |  718.8 |
               +--------+--------+--------+--------+--------+-----+--------+

Top non-repeatable levels by time:
     D:3: 1090 daAuts
     D:2: 804 daAuts
     D:1: 675 daAuts
     D:4: 304 daAuts
